 Dungeon Crawl Stone Soup version 0.28.0-43-g3370ac3207 (webtiles) character file.

Game seed: 12698976589974889991

2 tizbic2 the Charlatan (level 1, -1/16 HPs)
             Began as a Draconian Artificer on Mar 27, 2022.
             Slain by a kobold
             ... wielding a +0 dagger
              (2 damage)
             ... on level 1 of the Dungeon.
             The game lasted 00:00:36 (68 turns).

tizbic2 the Charlatan (Draconian Artificer)           Turns: 68, Time: 00:00:37

Health: -1/16      AC:  4    Str: 14    XL:     1   Next: 33%
Magic:  1/1        EV: 12    Int: 11    God:
Gold:   0          SH:  0    Dex: 11    Spells: 0/0 levels left

rFire   . . .      SeeInvis .   a - +0 club
rCold   . . .      Faith    .   (no shield)
rNeg    . . .      Spirit   .   (armour unavailable)
rPois   .          Reflect  .   (helmet restricted)
rElec   .          Harm     .   (no cloak)
rCorr   .          Rampage  .   (no gloves)
Will    .....                   (no boots)
Stlth   +.........              (no amulet)
HPRegen 0.05/turn               (no ring)
MPRegen 0.07/turn               (no ring)

@: no status effects
A: AC +4, unfitting armour, cold-blooded
a: no special abilities


You were on level 1 of the Dungeon.
You visited 1 branch of the dungeon, and saw 1 of its levels.

Inventory:

Hand Weapons
 a - a +0 club (weapon)
Wands
 b - a wand of flame (15) (quivered)
 c - a wand of charming (15)
Miscellaneous
 d - a piece from Xom's chessboard (13/15)


   Skills:
 + Level 1.1 Fighting
 * Level 0.2 Staves
 * Level 2.2 Dodging
 - Level 0.8 Stealth
 + Level 3.0 Evocations


You couldn't memorise any spells.
You didn't know any spells.
Your spell library was empty.

Dungeon Overview and Level Annotations

Branches:
Dungeon (1/15)

Altars:


Innate Abilities, Weirdness & Mutations

Your plain brown scales are hard. (AC +4)
You cannot fit into any form of body armour.
You are cold-blooded and may be slowed by cold attacks.


Message History

The dart slug is lightly wounded.
You hit the dart slug but do no damage.
The dart slug is lightly wounded.
The dart slug launches a dart at you. The slug dart misses you.
You hit the dart slug. You tail-slap the dart slug.
The dart slug is moderately wounded.
The dart slug bites you.
You hit the dart slug but do no damage.
The dart slug is moderately wounded.
The dart slug barely misses you. The kobold hits you with a +0 dagger.
You hit the dart slug.
The dart slug is severely wounded.
The kobold closely misses you. The dart slug bites you.
You hit the dart slug.
The dart slug is almost dead.
The kobold hits you with a +0 dagger.
The dart slug bites you but does no damage.
The kobold hits you but does no damage.
You hit the dart slug.
You kill the dart slug!
The kobold hits you with a +0 dagger.
You make a move on Xom's chessboard...
The kobold struggles to resist.
The kobold hits you but does no damage.
You make a move on Xom's chessboard...
The kobold flickers and vanishes!
Deactivating autopickup; reactivate with Ctrl-A.
Something hits you.
* * * LOW HITPOINT WARNING * * *
A stone appears from out of thin air!
The stone hits you.
* * * LOW HITPOINT WARNING * * *
A stone appears from out of thin air!
The stone hits you but does no damage.
A stone appears from out of thin air!
The stone hits you but does no damage.
A stone appears from out of thin air!
The stone hits you but does no damage.
You start resting.
A stone appears from out of thin air!
The stone hits you but does no damage. Something hits you but does no damage.
You hit something but do no damage. Something hits you.
* * * LOW HITPOINT WARNING * * *
Something hits you.
You die...

###......### ...
##..######..##.#
##.### ###..##
#.## ###.## #.#
##.## #.## ##.#
##.##### #.#
##.##<# #.###
##@.## #####..#
#### #..)....
#...^.†.
#.......
#.......
#.......
#####... ##..
#..


There were no monsters in sight!

Vanquished Creatures
  A dart slug (D:1)
1 creature vanquished.

Notes
Turn   | Place    | Note
-------+----------+-------------------------------------------
     0 | D:1      | tizbic2 the Draconian Artificer began the quest for the
                  | Orb.
     0 | D:1      | Reached XP level 1. HP: 16/16 MP: 1/1
    68 | D:1      | Slain by a kobold

Illustrated notes

Levels and vault maps discovered:
D:1:      dpeg_arrival_solitude, layout_basic, minmay_tall_x

Action                   || total
-------------------------++-------
Melee: Club              ||     9
       Tailslap          ||     1
Evoke: Piece from Xom's  ||     2
Armor: Skin              ||     9
Dodge: Dodged            ||     3
